 Dungeon Crawl Stone Soup version 0.18.1-50-g88ac8fd (webtiles) character file.

1395 nikopol the Poker (level 8, -7/109 HPs)
             Began as a Minotaur Berserker on Sept 23, 2016.
             Was an Elder of Trog.
             Splashed by a brown ugly thing's acid (8 damage)
             ... on level 6 of the Dungeon.
             The game lasted 00:12:48 (5038 turns).

nikopol the Poker (Minotaur Berserker)              Turns: 5038, Time: 00:12:49

Health: -7/109     AC:  1    Str: 27    XL:     8   Next: 41%
Magic:  7/7        EV: 17    Int:  4    God:    Trog [****..]
Gold:   254        SH:  0    Dex: 12    Spells: 0 memorised, 7 levels left

rFire  . . .     SeeInvis .     v - +1 trident
rCold  . . .     Gourm    .     s - +0 scale mail
rNeg   . . .     Faith    .     (no shield)
rPois  .         Spirit   .     (helmet restricted)
rElec  .         Dismiss  .     (no cloak)
rCorr  .         Reflect  .     o - +0 pair of gloves
SustAt .         Harm     .     (no boots)
MR     .....                    (no amulet)
Stlth  ..........               A - +4 ring of evasion
                                y - ring of flight

@: berserking, corroded, very quick, not resistant to hostile enchantments,
extremely unstealthy
A: retaliatory headbutt, horns 2
a: Berserk, Trog's Hand, Brothers in Arms, Burn Spellbooks, Renounce Religion,
Evoke Flight


You were on level 6 of the Dungeon.
You worshipped Trog.
Trog was greatly pleased with you.
You were hungry.

You visited 1 branch of the dungeon, and saw 7 of its levels.

You collected 254 gold pieces.

Inventory:

Hand Weapons
 v - a +1 trident (weapon)
Missiles
 d - 130 arrows
Armour
 b - a +0 animal skin
 f - a +0 leather armour
 o - a +0 pair of gloves (worn)
 s - a +0 scale mail (worn)
Jewellery
 y - a ring of flight (left hand)
 A - a +4 ring of evasion (right hand)
Wands
 x - a wand of lightning (8/15)
Scrolls
 h - 4 scrolls of identify
 j - 3 scrolls of enchant weapon
 p - a scroll of remove curse
 q - a scroll of blinking {unknown}
 C - a scroll of magic mapping {unknown}
Potions
 e - 2 potions of flight
 i - a potion of mutation {unknown}
 k - a potion of might {unknown}
 l - 3 potions of heal wounds
 m - a potion of resistance {unknown}
 t - a potion of degeneration {unknown}
 u - a potion of cure mutation {unknown}
 w - a potion of brilliance {unknown}
 z - a potion of cancellation {unknown}
Comestibles
 c - 6 bread rations
 g - 2 meat rations
 n - a slice of pizza
 r - 3 royal jellies
 B - 3 fruits


   Skills:
 + Level 7.2 Fighting
 + Level 7.3 Polearms
 + Level 6.6 Armour
 + Level 5.9 Dodging


You had 7 spell levels left.
You didn't know any spells.

Dungeon Overview and Level Annotations

Branches:
Dungeon (7/15)             Temple (0/1) D:5

Altars:
Elyvilon
Kikubaaqudgha
Okawaru
Qazlal
Ru
Sif Muna
Trog
Xom
The Shining One


Innate Abilities, Weirdness & Mutations

You reflexively headbutt those who attack you in melee.
You have a pair of horns on your head.


Message History

The brown ugly thing is heavily wounded.
The brown ugly thing punches you.
You are splashed with acid!
The acid burns!
* * * LOW HITPOINT WARNING * * *
Something closely misses you.
You are too injured to fight recklessly!
A red film seems to cover your vision as you go berserk!
You feel yourself moving faster!
You feel mighty!
You are feeling hungry.
The brown ugly thing punches you!
* * * LOW HITPOINT WARNING * * *
You are splashed with acid!
The acid burns!
* * * LOW HITPOINT WARNING * * *
Something barely misses you.
You closely miss the brown ugly thing.
Your headbutt misses the brown ugly thing.
The brown ugly thing is heavily wounded.
The brown ugly thing punches you!
* * * LOW HITPOINT WARNING * * *
You are splashed with acid!
The acid corrodes you!
The acid burns!
You die...

.. #............. .#
#...#.#. #........ ..
#...#.#. #........ .. #
...#.#. #.###.### .
#)###..#.#.##.# #.###
......#.#..#.###....
#...#.##.#.....##. #.###
#u.?..##.#.....##.
#.....#@†.....[.#....##.
#..{....##.#.#....###
#$###...##.#.#....# #
....###.#.####.# .#...#
#.#.# #.# # #...#
#.#..###.## #...#
..##......# ...##
####..##..## ##
##.#...#.


You could see a brown ugly thing.

Vanquished Creatures
  The ghost of DungeonMaster the Covert, an amateur SpAs (D:5)
  A phantom (D:6)
  An ogre (D:5)
  The ghost of cedor the Skirmisher, an amateur DsBe of Trog (D:4)
  Blork the orc (D:5)
  A giant frog (D:7)
  A scorpion (D:6)
  2 crimson imps
  A giant frog zombie (D:5)
  4 hounds
  Natasha (thrice) (D:2)
  Terence (D:2)
  An orc wizard (D:3)
  4 worker ants
  2 killer bee zombies (D:6)
  2 hound skeletons
  Robin (D:3)
  12 adders
  A shadow imp (D:6)
  2 oozes
  An adder zombie (D:6)
  6 worms
  3 dart slugs
  9 giant geckos
  8 orcs
  6 bats
  6 giant cockroaches
  16 goblins
  7 hobgoblins
  18 jackals
  5 quokkas
  4 ball pythons
  2 ball python skeletons (D:4)
  A giant gecko skeleton (D:4)
  3 giant newts
  11 kobolds
  7 rats
156 creatures vanquished.

Notes
Turn   | Place    | Note
--------------------------------------------------------------
     0 | D:1      | nikopol the Minotaur Berserker began the quest for the Orb.
     0 | D:1      | Reached XP level 1. HP: 19/19 MP: 0/0
   149 | D:1      | Reached XP level 2. HP: 24/27 MP: 1/1
   409 | D:1      | Reached ** piety under Trog
   409 | D:1      | Reached XP level 3. HP: 29/33 MP: 2/2
  1114 | D:2      | Noticed Natasha
  1123 | D:2      | Killed Natasha
  1123 | D:2      | Reached XP level 4. HP: 11/41 MP: 3/3
  1369 | D:2      | Reached *** piety under Trog
  1425 | D:2      | Noticed Terence
  1435 | D:2      | Killed Terence
  1435 | D:2      | Reached XP level 5. HP: 6/47 MP: 4/4
  1816 | D:2      | Noticed Natasha
  1827 | D:2      | Killed Natasha
  1922 | D:2      | Noticed Natasha
  1927 | D:2      | Killed Natasha
  1927 | D:2      | Reached skill level 5 in Fighting
  1995 | D:2      | Found a stormy altar of Qazlal.
  2154 | D:3      | Found a bloodstained altar of Trog.
  2374 | D:3      | Reached skill level 5 in Polearms
  2501 | D:3      | Reached XP level 6. HP: 53/56 MP: 5/5
  2529 | D:3      | Found a sacrificial altar of Ru.
  2567 | D:3      | Noticed Robin
  2589 | D:3      | Reached **** piety under Trog
  2609 | D:3      | Killed Robin
  3273 | D:4      | Found an ancient bone altar of Kikubaaqudgha.
  3518 | D:4      | Found a white marble altar of Elyvilon.
  3524 | D:4      | Found a deep blue altar of Sif Muna.
  3530 | D:4      | Found a shimmering altar of Xom.
  3543 | D:4      | Found an iron altar of Okawaru.
  3549 | D:4      | Noticed cedor's ghost (amateur DsBe)
  3555 | D:4      | Reached XP level 7. HP: 62/62 MP: 6/6
  3566 | D:4      | Killed cedor's ghost
  3566 | D:4      | Reached skill level 5 in Armour
  3899 | D:5      | Entered Level 5 of the Dungeon
  3987 | D:5      | Noticed DungeonMaster's ghost (amateur SpAs)
  3994 | D:5      | Killed DungeonMaster's ghost
  3994 | D:5      | Reached skill level 5 in Dodging
  4251 | D:5      | Found a glowing golden altar of the Shining One.
  4330 | D:5      | Found a staircase to the Ecumenical Temple.
  4400 | D:5      | Noticed Blork the orc
  4407 | D:5      | Killed Blork the orc
  4649 | D:5      | Reached XP level 8. HP: 71/71 MP: 7/7
  4673 | D:5      | You fall through a shaft for 2 floors!
  5029 | D:6      | Noticed a brown ugly thing
  5038 | D:6      | HP: 1/109 [brown ugly thing (7)]
  5038 | D:6      | Splashed by a brown ugly thing's acid

Skill      XL: |  1  2  3  4  5  6  7  8 |
---------------+-------------------------+-----
Polearms       | 4 5 6 7 |  7.3
Fighting       | 4 5 6 7 |  7.2
Armour         | 3 4 5 6 |  6.6
Dodging        | 3 4 5 |  5.9

Action                   |  1- 3 |  4- 6 |  7- 9 || total
-------------------------+-------+-------+-------++-------
Melee: Spear             |   105 |   275 |    66 ||   446
       Headbutt          |    13 |    50 |    20 ||    83
       Trident           |       |       |    75 ||    75
Invok: Berserk           |       |     2 |     3 ||     5
       Trog's Hand       |       |     1 |       ||     1
  Use: Scroll            |       |       |     5 ||     5
 Stab: Sleeping          |     2 |       |       ||     2
       Paralysed         |       |     1 |       ||     1
  Eat: Chunk             |       |    10 |     6 ||    16
       Pizza             |       |       |     1 ||     1
Armor: Animal skin       |     6 |       |       ||     6
       Leather armour    |     7 |    14 |       ||    21
       Scale mail        |       |    55 |    34 ||    89
Dodge: Dodged            |    38 |   115 |    68 ||   221
